 Dungeon Crawl Stone Soup version 0.31.0-32-g396128a36d (webtiles) character file.

Game seed: 6028417653658310893

279 Doomgape the Caller (level 6, -2/32 HPs)
             Began as a Deep Elf Summoner on Mar 8, 2024.
             Slain by an adder (4 damage)
             ... on level 3 of the Dungeon.
             The game lasted 00:17:56 (2632 turns).

Doomgape the Caller (Deep Elf Summoner)             Turns: 2632, Time: 00:17:56

Health: -2/32      AC:  2    Str:  5    XL:     6   Next: 5%
Magic:  14/16      EV: 12    Int: 25    God:
Gold:   72         SH:  0    Dex: 15    Spells: 9/15 levels left

rFire   . . .        f - +7 war axe of the Butterfly {elec, rCorr Int+3}
rCold   . . .        c - orb {*channel}
rNeg    . . .        a - +0 robe
rPois   .            (helmet restricted)
rElec   .            (no cloak)
rCorr   +            (no gloves)
SInv    +            (no boots)
Will    .....        (no amulet)
Stlth   +++          (no ring)
HPRegen 0.25/turn    (no ring)
MPRegen 0.15/turn

%: channel magic (20%)
@: no status effects
A: horns 1, see invisible
a: no special abilities


You were on level 3 of the Dungeon.
You visited 1 branch of the dungeon, and saw 3 of its levels.

You collected 72 gold pieces.

Inventory:

Hand Weapons
 f - the +7 war axe of the Butterfly (weapon) {elec, rCorr Int+3}
   (You found it on level 3 of the Dungeon)

   Int+3:     It affects your intelligence (+3).
   rCorr:     It protects you from acid and corrosion.
Armour
 a - a +0 robe (worn)
 c - an orb of energy (worn)
Jewellery
 d - an amulet of guardian spirit
Potions
 b - 2 potions of magic
 e - a potion of resistance


   Skills:
 - Level 2.4 Dodging
 + Level 5.2 Stealth
 + Level 5.4 Spellcasting
 + Level 5.8 Summonings


You had 9 spell levels left.
You knew the following spells:

 Your Spells              Type           Power      Damage    Failure   Level
a - Summon Small Mammal   Summ           100%       N/A       4%          1
b - Call Canine Familiar  Summ           36%        N/A       9%          3
c - Call Imp              Summ           72%        N/A       5%          2

Your spell library contained the following spells:

 Spells                   Type           Power      Damage    Failure   Level
 Apportation              Tloc           12%        N/A       21%         1
 Necrotise                Necr           24%        1d5       21%         1
 Sting                    Conj/Alch      24%        1d4       21%         1
 Tukima's Dance           Hex            6%         N/A       45%         3
 Summon Blazeheart Golem  Fire/Summ      21%        N/A       45%         4
 Summon Lightning Spire   Summ/Air       21%        N/A       45%         4
 Passage of Golubria      Tloc           6%         N/A       80%         4
 Yara's Violent Unravell  Hex/Alch       3%         3d4       98%         5


Dungeon Overview and Level Annotations

Branches:
Dungeon (3/15)

Altars:
Uskayaw

Annotations:
D:3 1 transporter, Killerpretzel's ghost, amateur OpSh


Innate Abilities, Weirdness & Mutations

You have a pair of small horns on your head.
You have supernaturally acute eyesight. (SInv)


Message History

You are very lightly contaminated with residual magic.
Nothing appears to happen.
Magical energy flows into your mind!
The hobgoblin throws a poisoned dart.
The poisoned dart hits you!
You are poisoned.
You feel very sick.
The hobgoblin throws a poisoned dart.
The poisoned dart hits you!
You are more poisoned.
You feel very sick.
You feel very sick.
Unknown command.
You feel very sick.
Unknown command.
An adder comes into view.
You feel sick.
The adder hisses angrily.
The hobgoblin throws a poisoned dart.
The poisoned dart closely misses you.
You feel sick.
Your magical contamination has completely faded away.
A hobgoblin comes into view.
You feel sick.
It was a potion of mutation.
You feel extremely strange.
Your vision sharpens.
A pair of horns grows on your head!
You feel sick.
Unknown command.
You aren't carrying any scrolls.
You aren't carrying any scrolls.
You aren't carrying any scrolls.
You feel sick.
Casting: Summon Small Mammal (safe; 4% risk of failure)
Confirm with . or Enter, or press ? or * to list all spells.
A tiny devil pulls itself out of the air.
You feel sick. The adder bites you.
* * * LOW HITPOINT WARNING * * *
Unknown command.
You feel sick.
Your cerulean imp closely misses the adder.
You feel sick.
You are no longer poisoned.
The adder attacks as it pursues you! The adder bites you.
You die...

##### #...#
#...# .. #...#
..####...#
..........# ..
....##.g@.# #.
#.#S##5S..# .#
#.#.##....# .
#. #.#.#..####
#..
#.##...g.##
....#$#.....##
#©.=[#©..####
..#..#......#
#5....##.....#


You could see an adder (ally target), 2 hobgoblins and a friendly cerulean imp
(summoned).

Vanquished Creatures
  A giant cockroach (D:3)
  A hobgoblin (D:2)
  2 jackals (D:1)
  A quokka (D:1)
  2 ball pythons (D:3)
7 creatures vanquished.

Vanquished Creatures (collateral kills)
  Sigmund (D:2)
  Terence (D:3)
  An adder (D:2)
  4 dart slugs
  3 ribbon worms
  3 ball pythons
  2 endoplasms
  A giant cockroach (D:1)
  6 hobgoblins
  22 jackals
  6 kobolds
  2 quokkas
  4 bats
  4 frilled lizards (D:1)
  5 goblins
  6 rats
71 creatures vanquished.

Grand Total: 78 creatures vanquished

Notes
Turn   | Place    | Note
-------+----------+-------------------------------------------
     0 | D:1      | Doomgape the Deep Elf Summoner began the quest for the Orb.
     0 | D:1      | Reached XP level 1. HP: 10/10 MP: 6/6
    61 | D:1      | Reached XP level 2. HP: 14/15 MP: 5/8
   171 | D:1      | Found a faded altar of an unknown god.
   377 | D:1      | Reached XP level 3. HP: 16/19 MP: 7/10
   497 | D:1      | Learned a level 3 spell: Call Canine Familiar
   500 | D:1      | Learned a level 2 spell: Call Imp
  1348 | D:2      | Reached skill level 5 in Summonings
  1640 | D:2      | Reached XP level 4. HP: 24/24 MP: 12/12
  2080 | D:2      | Noticed Sigmund
  2347 | D:2      | Killed Sigmund
  2348 | D:2      | Reached skill level 5 in Stealth
  2348 | D:2      | Reached skill level 5 in Spellcasting
  2348 | D:2      | Reached XP level 5. HP: 27/28 MP: 9/14
  2512 | D:3      | Found a transporter.
  2513 | D:3      | Identified the +7 war axe of the Butterfly {elec, rCorr
                  | Int+3}
  2566 | D:3      | Found a hide-covered altar of Uskayaw.
  2571 | D:3      | Noticed Terence
  2614 | D:3      | Killed Terence
  2615 | D:3      | Reached XP level 6. HP: 23/32 MP: 13/16
  2615 | D:3      | Noticed Killerpretzel's ghost (amateur OpSh)
  2628 | D:3      | Gained mutation: You have supernaturally acute eyesight.
                  | (SInv) [potion of mutation]
  2628 | D:3      | Gained mutation: You have a pair of small horns on your
                  | head. [potion of mutation]
  2632 | D:3      | Slain by an adder

Illustrated notes

Levels and vault maps discovered:
D:1:      eino_arrival_water_star, layout_loops_ring,
          shapermc_ecumenical_altar_totnotflames, minmay_unequal
D:2:      layout_loops_ring, uniq_sigmund
D:3:      layout_rooms, demons_altar, grunt_temple_overflow_open,
          gammafunk_ghost_stat_death, uniq_terence

Skill      XL: |  1  2  3  4 |
---------------+-------------+-----
Stealth        | 3 5 |  5.2
Spellcasting   | 4 5 |  5.4
Summonings     | 5 |  5.8
Dodging        | |  2.4

Action                     |  1- 3 |  4- 6 || total
---------------------------+-------+-------++-------
  Melee: Unarmed           |    24 |    37 ||    61
         War axe           |       |     8 ||     8
   Cast: Summon Small Mamm |    58 |    13 ||    71
         Call Imp          |     1 |    17 ||    18
    Use: Scroll            |     2 |     2 ||     4
         Potion            |       |     2 ||     2
   Stab: Distracted        |       |     1 ||     1
 Armour: Robe              |    45 |    65 ||   110
  Dodge: Dodged            |    54 |    85 ||   139
